AoeStats
← toomuchdog

Black Forest

505758803Analyzed
1v1 RM · 23d ago on Sep 10, 2026· 49m 19s· 2 players
Game mode
Random Map
Map size
Tiny (2 player)
Population
200
Speed
Normal
Resources
Standard
Victory
Conquest
Starting age
Dark Age
Ending age
Imperial Age
RankedLock teamsTeams togetherTeam positionsShared explorationLock speedFull tech treeHidden civsTurbo modeCheats
Victory
Defeat
🇵🇦 Mongols · Panama
1311
+16
🇨🇦 Bengalis · Canada
1318
-16
TheBrian
0:48 Loom
18:31 Feudal Age
23:05 Castle Age
21:22 Double-Bit Axe
21:30 Gold Mining
21:21 Horse Collar
22:24 Scale Barding Armor
22:19 Scale Mail Armor
24:04 Bow Saw
23:56 Heavy Plow
24:34 Gold Shaft Mining
26:08 Wheelbarrow
33:40 Stone Mining
36:55 Imperial Age
34:48 Fortified Wall
34:41 Fletching
35:59 Padded Archer Armor
36:16 Bodkin Arrow
37:30 Stone Shaft Mining
36:53 Light Cavalry
37:43 Bloodlines
37:34 Husbandry
38:17 Hussar
39:29 Bracer
39:44 Leather Archer Armor
40:03 Ballistics
40:32 Conscription
41:42 Scale Mail Armor
42:44 Chemistry
42:41 Heavy Camel Rider
45:52 Chain Barding Armor
45:33 Scale Mail Armor
46:19 Hand Cart
toomuchdog
1:13 Loom
19:15 Feudal Age
23:08 Castle Age
22:33 Double-Bit Axe
23:27 Fletching
24:30 Town Watch
26:46 Fletching
31:22 Bodkin Arrow
34:54 Bow Saw
40:50 Imperial Age
41:14 Imperial Age
41:13 Ballistics
42:26 Bracer
42:32 Paiks
42:40 Paiks
43:04 Padded Archer Armor
43:18 Bloodlines
47:36 Horse Collar
Connection lost

Rejoining the realm…

Still unreachable

The connection could not be restored.

Session expired

The server has moved on; the page needs a fresh start.